 Dungeon Crawl Stone Soup version 0.23-a0-8-gb809bb70e4 (webtiles) character file.

22341 IcyTea the Bludgeoner (level 12, -4/107 HPs)
             Began as a Troll Berserker on Aug 1, 2018.
             Was a High Priest of Trog.
             Slain by a yak (13 damage)
             ... on level 13 of the Dungeon.
             The game lasted 00:49:32 (12402 turns).

IcyTea the Bludgeoner (Troll Berserker)            Turns: 12402, Time: 00:49:32

Health: -4/107     AC: 16    Str: 28    XL:     12   Next: 62%
Magic:  11/11      EV: 10    Int:  4    God:    Trog [*****.]
Gold:   688        SH:  0    Dex: 14    Spells: 11/11 levels left

rFire    . . .     SeeInvis .   a - +4 giant spiked club (flame)
rCold    . . .     Gourm    +   (shield currently unavailable)
rNeg     . . .     Faith    .   e - +5 swamp dragon scales
rPois    +         Spirit   .   (helmet restricted)
rElec    .         Reflect  .   (no cloak)
rCorr    .         Harm     .   (gloves unavailable)
MR       .....                  (boots unavailable)
Stlth    +.........             (no amulet)
HPRegen  0.67/turn              u - ring of flight
MPRegen  0.12/turn              (no ring)

@: about to teleport, berserk cooldown, slowed, very slow
A: large, unfitting armour, claws 3, thin skeletal structure 1, fast metabolism
3, gourmand, mutation resistance 1, regeneration 1, shaggy fur 1, tough skin 2,
no potion heal 1
a: Berserk, Trog's Hand, Brothers in Arms, Renounce Religion, Evoke Flight


You were on level 13 of the Dungeon.
You worshipped Trog.
Trog was extremely pleased with you.
You were full.

You visited 2 branches of the dungeon, and saw 14 of its levels.
You also visited: Ossuary.

You collected 688 gold pieces.

Inventory:

Hand Weapons
 a - a +4 giant spiked club of flaming (weapon)
 D - a +0 antimagic great mace
Missiles
 s - a throwing net
 B - 6 javelins of returning
 F - 4 large rocks (quivered)
Armour
 e - +5 swamp dragon scales (worn)
Jewellery
 u - a ring of flight (left claw)
Wands
 d - a wand of disintegration (14)
 n - a wand of random effects (28)
 q - a wand of acid (6)
 v - a wand of polymorph (10)
 w - a wand of digging (13)
 x - a wand of iceblast (16)
 A - a wand of scattershot (7)
Scrolls
 b - 3 scrolls of teleportation
 f - 5 scrolls of blinking
 h - a scroll of immolation
 k - 2 scrolls of magic mapping
 l - 8 scrolls of identify
 t - 10 scrolls of remove curse
 y - a scroll of silence
Potions
 g - a potion of lignification
 i - a potion of haste
 j - 3 potions of might
 m - 2 potions of flight
 o - 3 potions of curing
 p - a potion of heal wounds
 r - 3 potions of agility
 z - 2 potions of berserk rage
 C - a potion of cancellation
Comestibles
 c - 21 rations


   Skills:
 - Level 4.0 Fighting
 - Level 16.7 Maces & Flails
 + Level 5.3 Throwing
 - Level 5.0 Armour
 - Level 2.4 Dodging


You had 11 spell levels left.
You didn't know any spells.
Your spell library was empty.

Dungeon Overview and Level Annotations

Branches:
Dungeon (13/15)            Temple (1/1) D:5            Lair (0/6) D:9
    Orc (0/2) D:9
 Vaults: D:13-14

Altars:
Ashenzari
Cheibriados
Dithmenos
Elyvilon
Fedhas
Gozag
Hepliaklqana
Kikubaaqudgha
Makhleb
Nemelex Xobeh
Okawaru
Qazlal
Ru
Sif Muna
Trog
Uskayaw
Vehumet
Wu Jian
Xom
Yredelemnul
Zin
The Shining One
Jiyva

Shops:
D:12 [


Innate Abilities, Weirdness & Mutations

You are too large for most types of armour.
You have claws for hands.
Your metabolism is lightning-fast.
You like to eat raw meat.
Your natural rate of healing is unusually fast.
You are covered in fur. (AC +1)
You have very tough skin. (AC +2)
You have a somewhat thin skeletal structure. (Dex +2, Stealth)
You are somewhat resistant to further mutation.
Potions are less effective at restoring your health.


Message History

Your Throwing skill increases to level 5!
The gargoyle hurls a stone arrow at you.
The stone arrow hits you!
The yak gores you but does no damage. x3
You bludgeon the yak!! You burn the yak!
The yak is almost dead.
The yak gores you!
The yak barely misses you. x2; The yak gores you!
You hit the gargoyle but do no damage. The yak completely misses you.
The gargoyle hits you with a mace. The yak gores you!
The yak closely misses you. The yak gores you but does no damage.
The yak gores you!
* * * LOW HITPOINT WARNING * * *
As you read the scroll of teleportation, it crumbles to dust.
You feel strangely unstable. The gargoyle hits you with a mace.
* * * LOW HITPOINT WARNING * * *
The yak gores you!
* * * LOW HITPOINT WARNING * * *
The yak gores you but does no damage. The yak gores you.
* * * LOW HITPOINT WARNING * * *
The yak gores you!
You die...

###################
#...#..#...........
#...#..#...........
+...#..#...........
#...#..#...9.......
######...#..###@##..#########
# #............#YYY# O# #...#
# #............(.Y.# # #...#
# #............#...# #...# #
#............#(..# #...# #
#..###########.### ####.####
#..'....+.....)# #..#.....
#..#..<.#...(..# #..#.....
+##'###########'# #..#..###


You could see 4 yaks and a gargoyle.

Vanquished Creatures
  Erolcha (D:13)
  A centaur warrior (D:13)
  5 two-headed ogres
  Sonja (D:13)
  5 skeletal warriors
  Pikel (D:8)
  2 ugly things (D:13)
  A cyclops (D:13)
  Joseph (D:8)
  Psyche (D:8)
  3 kobold demonologists (D:11)
  6 trolls
  A hornet (D:8)
  7 slime creatures (D:12)
  A wyvern (D:8)
  A wraith (D:11)
  4 hogs (D:8)
  Grum (D:8)
  A human (D:8)
  14 yaks
  A basilisk (D:13)
  3 vampire mosquitoes (D:13)
  2 hungry ghosts
  An acid dragon (D:11)
  A water moccasin (D:9)
  3 orc warriors
  An ice beast (D:7)
  A sky beast (D:11)
  A phantom (D:4)
  4 ogres
  4 wolves (D:8)
  5 centaurs
  A crocodile (D:11)
  A big kobold (D:9)
  Blork the orc (D:4)
  A gnoll sergeant (D:8)
  5 bullfrogs
  2 scorpions
  A wyvern skeleton (D:13)
  7 wights
  6 killer bees
  2 howler monkeys
  3 centaur zombies
  5 crimson imps
  2 quasits
  10 orc priests
  2 bullfrog zombies
  4 jellies
  3 hounds
  2 centaur skeletons
  6 orc wizards
  A bullfrog skeleton (D:11)
  2 iguanas
  Natasha (thrice) (D:3)
  13 worker ants
  A hound skeleton (D:9)
  3 mummies (Ossuary)
  Robin (D:3)
  A worker ant zombie (D:6)
  13 adders
  6 gnolls (D:8)
  An ooze (D:1)
  2 adder skeletons (D:4)
  2 worms
  6 dart slugs
  6 leopard geckos
  43 orcs
  4 giant cockroaches
  4 gnoll zombies (Ossuary)
  7 hobgoblins
  12 jackals
  5 quokkas
  3 ball pythons
  5 bats
  8 frilled lizards
  4 gnoll skeletons (Ossuary)
  11 goblins
  2 goblin skeletons (Ossuary)
  2 goblin zombies (Ossuary)
  A hobgoblin zombie (Ossuary)
  A jackal skeleton (D:4)
  13 kobolds
  3 kobold skeletons (Ossuary)
  2 kobold zombies (Ossuary)
  3 orc skeletons (Ossuary)
  2 orc zombies (Ossuary)
  6 rats
  A rat skeleton (Ossuary)
  A rat zombie (Ossuary)
353 creatures vanquished.

Vanquished Creatures (others)
  Menkaure (Ossuary)
  An ogre (D:8)
  A gnoll (D:8)
  2 gnoll skeletons (Ossuary)
  A gnoll zombie (Ossuary)
  5 goblin zombies (Ossuary)
  5 hobgoblin skeletons (Ossuary)
  2 hobgoblin zombies (Ossuary)
  A kobold skeleton (Ossuary)
  2 kobold zombies (Ossuary)
  An orc skeleton (Ossuary)
  3 rat skeletons (Ossuary)
  3 rat zombies (Ossuary)
28 creatures vanquished.

Grand Total: 381 creatures vanquished

Notes
Turn   | Place    | Note
-------+----------+-------------------------------------------
     0 | D:1      | IcyTea the Troll Berserker began the quest for the Orb.
     0 | D:1      | Reached XP level 1. HP: 22/22 MP: 0/0
   149 | D:1      | Reached skill level 3 in Maces & Flails
   203 | D:1      | Reached XP level 2. HP: 29/29 MP: 1/1
   624 | D:1      | Reached XP level 3. HP: 36/36 MP: 2/2
   775 | D:1      | Reached ** piety under Trog
   887 | D:1      | Reached skill level 4 in Maces & Flails
   947 | D:2      | Found an iron altar of Okawaru.
  1193 | D:2      | Reached XP level 4. HP: 44/44 MP: 3/3
  1207 | D:2      | Gained mutation: You are partially covered in molten scales. (AC +2) [potion of mutation]
  1207 | D:2      | Gained mutation: You are resistant to hostile enchantments. (MR+) [potion of mutation]
  1208 | D:2      | Lost mutation: You are resistant to hostile enchantments. (MR+) [potion of mutation]
  1208 | D:2      | Lost mutation: You are partially covered in molten scales. (AC +2) [potion of mutation]
  1208 | D:2      | Gained mutation: Your muscles are strong. (Str +2) [potion of mutation]
  1208 | D:2      | Gained mutation: Your magical capacity is low. (-10% MP) [potion of mutation]
  1208 | D:2      | Gained mutation: Scrolls take you a little longer to read. [potion of mutation]
  1208 | D:2      | Gained mutation: Your mind is acute. (Int +2) [potion of mutation]
  1209 | D:2      | Lost mutation: Your mind is acute. (Int +2) [potion of mutation]
  1209 | D:2      | Lost mutation: Scrolls take you a little longer to read. [potion of mutation]
  1209 | D:2      | Lost mutation: Your muscles are strong. (Str +2) [potion of mutation]
  1209 | D:2      | Lost mutation: Your magical capacity is low. (-10% MP) [potion of mutation]
  1209 | D:2      | Gained mutation: You passively map a small area around you. [potion of mutation]
  1209 | D:2      | Gained mutation: You are clumsy. (Dex -2) [potion of mutation]
  1209 | D:2      | Lost mutation: You passively map a small area around you. [potion of mutation]
  1209 | D:2      | Gained mutation: You possess an exceptional clarity of mind. [potion of mutation]
  1561 | D:2      | Found an ancient bone altar of Kikubaaqudgha.
  1561 | D:2      | Found a shadowy altar of Dithmenos.
  2070 | D:3      | Reached skill level 5 in Maces & Flails
  2175 | D:3      | Lost mutation: You are clumsy. (Dex -2) [potion of mutation]
  2175 | D:3      | Lost mutation: You possess an exceptional clarity of mind. [potion of mutation]
  2175 | D:3      | Gained mutation: You are dopey. (Int -2) [potion of mutation]
  2175 | D:3      | Gained mutation: You are resistant to electric shocks. (rElec) [potion of mutation]
  2175 | D:3      | Gained mutation: You possess an exceptional clarity of mind. [potion of mutation]
  2315 | D:3      | Noticed Robin
  2329 | D:3      | Killed Robin
  2334 | D:3      | Reached *** piety under Trog
  2387 | D:3      | Reached XP level 5. HP: 50/50 MP: 4/4
  2446 | D:3      | Noticed Natasha
  2456 | D:3      | Killed Natasha
  2613 | D:3      | Reached skill level 6 in Maces & Flails
  2723 | D:3      | Noticed Natasha
  2732 | D:3      | Killed Natasha
  2827 | D:3      | Noticed Natasha
  2839 | D:3      | Killed Natasha
  2839 | D:3      | Reached XP level 6. HP: 45/59 MP: 5/5
  3019 | D:4      | Noticed Blork the orc
  3031 | D:4      | Killed Blork the orc
  3041 | D:4      | Reached skill level 7 in Maces & Flails
  3093 | D:4      | Reached XP level 7. HP: 30/66 MP: 6/6
  3414 | D:4      | Got a twisted trident
  3416 | D:4      | Identified the cursed +1 trident "Pasearr" {flame, +Blink rPois MR- Dex+8} (You found it on level 4 of the Dungeon)
  3600 | D:4      | Lost mutation: You possess an exceptional clarity of mind. [potion of mutation]
  3600 | D:4      | Lost mutation: You are dopey. (Int -2) [potion of mutation]
  3600 | D:4      | Lost mutation: You are resistant to electric shocks. (rElec) [potion of mutation]
  3600 | D:4      | Gained mutation: You have a somewhat thin skeletal structure. (Dex +2, Stealth) [potion of mutation]
  3600 | D:4      | Gained mutation: Potions are less effective at restoring your health. [potion of mutation]
  3600 | D:4      | Gained mutation: You are somewhat resistant to further mutation. [potion of mutation]
  3835 | D:4      | Found a glowing golden altar of the Shining One.
  3835 | D:4      | Found a white marble altar of Elyvilon.
  3835 | D:4      | Found a glowing silver altar of Zin.
  3888 | D:5      | Entered Level 5 of the Dungeon
  3905 | D:5      | Found a sparkling altar of Nemelex Xobeh.
  3940 | D:5      | Found a sparkling altar of Nemelex Xobeh.
  3977 | D:5      | Reached skill level 8 in Maces & Flails
  4009 | D:5      | Found a shimmering altar of Xom.
  4010 | D:5      | Found a hazy altar of Hepliaklqana.
  4010 | D:5      | Noticed a hungry ghost
  4011 | D:5      | Noticed a hungry ghost
  4011 | D:5      | Noticed a spectral ugly thing
  4067 | D:5      | Found a shattered altar of Ashenzari.
  4067 | D:5      | Found a basalt altar of Yredelemnul.
  4130 | D:5      | Found a staircase to the Ecumenical Temple.
  4179 | Temple   | Entered the Ecumenical Temple
  4777 | D:6      | Reached **** piety under Trog
  4836 | D:6      | Found a stormy altar of Qazlal.
  4862 | D:6      | Reached skill level 9 in Maces & Flails
  4862 | D:6      | Reached XP level 8. HP: 58/74 MP: 7/7
  5007 | D:7      | Found a sand-covered staircase.
  5011 | Ossuary  | Entered an ossuary
  5153 | Ossuary  | Killed Menkaure
  5598 | D:7      | Reached skill level 10 in Maces & Flails
  6097 | D:8      | Noticed a two-headed ogre
  6181 | D:8      | Noticed Psyche
  6203 | D:8      | Killed Psyche
  6203 | D:8      | Reached skill level 11 in Maces & Flails
  6203 | D:8      | Reached XP level 9. HP: 56/80 MP: 8/8
  6334 | D:8      | Killed a two-headed ogre
  6336 | D:8      | Reached skill level 12 in Maces & Flails
  6540 | D:8      | Noticed a two-headed ogre
  6663 | D:8      | Killed a two-headed ogre
  6667 | D:8      | Reached skill level 13 in Maces & Flails
  6802 | D:8      | Reached XP level 10. HP: 82/88 MP: 9/9
  6997 | D:8      | Noticed Pikel
  7000 | D:8      | Noticed Joseph
  7005 | D:8      | Killed Pikel
  7018 | D:8      | Killed Joseph
  7020 | D:8      | Reached skill level 14 in Maces & Flails
  7032 | D:8      | Reached skill level 1 in Armour
  7169 | D:8      | Noticed Grum
  7183 | D:8      | Killed Grum
  7630 | D:9      | Reached ***** piety under Trog
  7735 | D:9      | Reached skill level 5 in Armour
  7769 | D:9      | Found a staircase to the Orcish Mines.
  7866 | D:9      | Reached XP level 11. HP: 60/97 MP: 10/10
  8125 | D:9      | Found a staircase to the Lair.
  8481 | D:9      | Found a snail-covered altar of Cheibriados.
  8563 | D:10     | Entered Level 10 of the Dungeon
  9793 | D:11     | Noticed a two-headed ogre
  9802 | D:11     | Killed a two-headed ogre
  9984 | D:11     | Noticed a two-headed ogre
  9991 | D:11     | Killed a two-headed ogre
 10115 | D:11     | Noticed a soul eater
 10122 | D:11     | Noticed a sixfirhy
 10138 | D:11     | Reached skill level 15 in Maces & Flails
 10370 | D:12     | Got a bone flail
 10371 | D:12     | Identified the cursed +1 flail of Growth {freeze, +Rage} (You found it on level 12 of the Dungeon)
 10494 | D:12     | Received a gift from Trog
 10502 | D:12     | Reached skill level 1 in Throwing
 10518 | D:12     | Found a viscous altar of Jiyva.
 10911 | D:12     | Found Keman's Antique Armour Boutique.
 11032 | D:12     | Noticed a skeletal warrior
 11032 | D:12     | Noticed a skeletal warrior
 11034 | D:12     | Noticed a skeletal warrior
 11034 | D:12     | Noticed a skeletal warrior
 11052 | D:12     | Killed a skeletal warrior
 11084 | D:11     | Killed a skeletal warrior
 11084 | D:11     | Reached XP level 12. HP: 41/107 MP: 11/11
 11192 | D:12     | Reached skill level 16 in Maces & Flails
 11267 | D:13     | Noticed a two-headed ogre
 11274 | D:13     | Killed a two-headed ogre
 11376 | D:13     | Noticed a centaur warrior
 11399 | D:13     | Killed a centaur warrior
 11602 | D:13     | Found an opulent altar of Gozag.
 11740 | D:13     | Received a gift from Trog
 12284 | D:13     | Noticed Sonja
 12297 | D:13     | Killed Sonja
 12388 | D:13     | Noticed Erolcha
 12399 | D:13     | Killed Erolcha
 12399 | D:13     | Reached skill level 5 in Throwing
 12402 | D:13     | Slain by a yak

Vault maps used:
D:1:      nicolae_arrival_somewhat_less_tricky_arrival
D:2:      okawaru_gym_becter, amethyst_overflow_temple_binary,
          skrybe_limestone_x
D:3:      minmay_misc_feat_tower, uniq_natasha, uniq_robin
D:4:      good_gods_mini_temple, corexii_item_surrounded_by_moat,
          uniq_blork_the_orc
D:5:      regret_index_temple_of_mockery, gammafunk_temple_overflow_elements,
          kennysheep_mini, minmay_temple_entry_large_hall, first_ration,
          nemelex_lonely_heart_becter
D:6:      kennysheep_mini_moat, corexii_item_surrounded_by_moat,
          hangedman_decor_lopped
D:7:      enter_ossuary_5
D:8:      grunt_livestock, hangedman_abyss_or_decor_slice, serial_bayou_pond_b,
          grunt_ministairs_1, uniq_psyche, uniq_grum, uniq_pikel, uniq_joseph
D:9:      slow_altar_2, lair_entry_dummy, erik_orc_3
D:10:     palyth_stone_intersect
D:11:     serial_glass, glass_columns_c, glass_columns_a, minmay_fountain_box
D:12:     serial_shops, nicolae_shop_overgrown_old_shop, jiyva_altar_1
D:13:     nicolae_gozag_seed_capital, uniq_sonja, uniq_rupert, uniq_erolcha
Temple:   jpeg_temple_island
Ossuary:  ossuary_due_pyramid

Skill      XL: |  1  2  3  4  5  6  7  8  9 10 11 12 |
---------------+-------------------------------------+-----
Maces & Flails | 3 4 5 6 7 9 11 13 14 15 16 | 16.7
Armour         | 5 |  5.0
Fighting       | 3 4 |  4.0
Throwing       | 3 5 |  5.3
Dodging        | |  2.4

Action                   |  1- 3 |  4- 6 |  7- 9 | 10-12 || total
-------------------------+-------+-------+-------+-------++-------
Melee: Mace              |   115 |   212 |       |       ||   327
       Morningstar       |       |       |    61 |       ||    61
       Giant club        |       |       |   253 |       ||   253
       Unarmed           |       |       |    27 |       ||    27
       Giant spiked club |       |       |    37 |   563 ||   600
Throw: Tomahawk          |       |       |     1 |       ||     1
       Large rock        |       |       |       |     1 ||     1
Invok: Berserk           |       |     2 |     4 |    13 ||    19
       Trog's Hand       |       |     1 |     2 |     4 ||     7
       Brothers in Arms  |       |       |     1 |       ||     1
  Use: Potion            |     1 |     6 |    10 |     2 ||    19
       Scroll            |       |     8 |    11 |    10 ||    29
  Eat: Chunk             |    12 |    22 |    37 |    74 ||   145
       Ration            |       |       |     2 |     1 ||     3
Armor: Animal skin       |     5 |       |       |       ||     5
       Swamp dragon scal |    67 |   147 |   427 |   343 ||   984
Dodge: Dodged            |    76 |   113 |   327 |   343 ||   859

Table legend:
 A = Spawn XP
 B = Non-spawn XP
 C = Spawn XP percentage of total XP
 D = Spawn monster count
 E = Non-spawn monster count
 F = Spawn count percentage of total count
 G = Total turns spent on level
                    A         B        C        D         E        F      G
               +---------+---------+-------+---------+---------+-------+---------
         Total |       0 |   31916 |   0.0 |       0 |     345 |   0.0 | 12402
               +---------+---------+-------+---------+---------+-------+---------
           D:1 |       0 |      57 |   0.0 |       0 |      26 |   0.0 |   943
           D:2 |       0 |      76 |   0.0 |       0 |      16 |   0.0 |   853
           D:3 |       0 |     278 |   0.0 |       0 |      38 |   0.0 |  1073
           D:4 |       0 |     566 |   0.0 |       0 |      20 |   0.0 |  1019
           D:5 |       0 |     356 |   0.0 |       0 |       7 |   0.0 |   573
           D:6 |       0 |     231 |   0.0 |       0 |      14 |   0.0 |   242
           D:7 |       0 |     772 |   0.0 |       0 |      18 |   0.0 |  1026
           D:8 |       0 |    6542 |   0.0 |       0 |      51 |   0.0 |  1266
           D:9 |       0 |    2342 |   0.0 |       0 |      43 |   0.0 |  1051
          D:10 |       0 |     233 |   0.0 |       0 |       4 |   0.0 |   704
          D:11 |       0 |    7011 |   0.0 |       0 |      37 |   0.0 |  1090
          D:12 |       0 |    6306 |   0.0 |       0 |      26 |   0.0 |   890
          D:13 |       0 |    7103 |   0.0 |       0 |      25 |   0.0 |  1155
       Ossuary |       0 |      43 |   0.0 |       0 |      20 |   0.0 |   289
               +---------+---------+-------+---------+---------+-------+---------
